Kings vs Blackhawks

Created - December 2, 2020 at 19:27

Goals
1 2 3 T
Kings 0 2 0 2
Blackhawks 0 4 0 4
Shots
1 2 3 T
Kings 8 13 8 29
Blackhawks 14 17 4 35

1st period

No Goal

Penalties :
Brad Boyes (Chi) for Hooking (Minor) at 14:51

2nd period

1. Blackhawks , Antoine Roussel 7 (Nathan Horton 5, Chris Kreider 7) at 1:26
2. Blackhawks , Derick Brassard 12 (John Carlson 10, Rick Nash 9) at 1:38
3. Blackhawks , Craig Cunningham 1 (Garnet Hathaway 2, Patrick Marleau 5) at 10:43
4. Kings , Tom Wilson 5 (Gabriel Landeskog 14, Eric Gelinas 11) at 17:16 (PP)
5. Kings , Gilbert Brule 11 (Teuvo Teravainen 10, Victor Hedman 6) at 18:58
6. Blackhawks , Chris Kreider 11 (Derick Brassard 14) at 19:18

Penalties :
Nathan Horton (Chi) for Roughing (Minor) at 3:13, Jimmy Howard (Chi) for Slashing (Minor) at 16:54 - Matthew Spiller served the penalty

3rd period

No Goal

Penalties :
Gabriel Landeskog (LAK) for High sticking (Minor) at 3:26, Anze Kopitar (LAK) for Tripping (Minor) at 11:09

Goalie Stats

Robin Lehner (LAK), 31 saves from 35 shots - (0.886), L, 6-7-4, 60:00 minutes
Jimmy Howard (Chi), 27 saves from 29 shots - (0.931), W, 6-4-0, 60:00 minutes

Players Stats for Kings

Player Name              G  A  P  +/- PIM S  H  SB GA TA FO     MP     PP MP  PK MP  
------------------------------------------------------------------------------------
Anze Kopitar             0  0  0   0  2   2  0  1  1  0  9/16   18:18   0:53   0:41 
Brandon Yip              0  0  0   0  0   1  1  0  0  0  1/1    15:58   0:00   0:00 
Cal Clutterbuck          0  0  0  -1  0   0  0  1  0  0  0/1     9:20   0:28   2:09 
Eric Gelinas             0  1  1  -3  0   0  1  1  0  0  0/0    22:45   1:54   1:34 
Eric Nystrom             0  0  0  -1  0   0  0  1  0  0  1/1     9:00   0:19   1:36 
Gabriel Landeskog        0  1  1  -2  2   2  1  0  0  0  0/1    16:55   2:26   0:21 
Gilbert Brule            1  0  1   0  0   8  3  0  0  0  8/10   16:52   1:34   0:00 
Jake McCabe              0  0  0  -3  0   3  1  2  0  1  0/0    23:09   1:19   1:34 
Jeff Schultz             0  0  0  -1  0   2  1  0  1  0  0/0    22:36   0:50   2:24 
Matt Greene              0  0  0   1  0   0  1  1  0  0  0/0    14:24   0:17   2:24 
Matt Martin              0  0  0   0  0   2  0  1  0  0  0/3    17:26   0:53   0:39 
Mike Comrie              0  0  0  -1  0   0  2  1  0  0  4/5     9:38   1:01   2:17 
Nathan MacKinnon         0  0  0  -2  0   3  1  0  0  0  5/17   16:19   2:26   0:00 
Reilly Smith             0  0  0   0  0   1  3  0  0  0  0/0    15:42   0:41   0:00 
Teuvo Teravainen         0  1  1   0  0   2  2  0  0  1  0/0    16:37   1:35   0:13 
Tom Wilson               1  0  1  -2  0   3  0  0  0  0  1/1    15:45   2:18   0:00 
Victor Hedman            0  1  1  -1  0   0  0  1  0  0  0/0    22:58   2:46   0:00 
Vitaly Vishnevsky        0  0  0   1  0   0  0  0  0  0  0/0    12:18   0:00   0:00 

Players Stats for Blackhawks

Player Name              G  A  P  +/- PIM S  H  SB GA TA FO     MP     PP MP  PK MP  
------------------------------------------------------------------------------------
Alexander Wennberg       0  0  0  -1  0   1  0  1  1  0  2/6    12:24   0:00   0:00 
Antoine Roussel          1  0  1   1  0   3  3  0  0  0  1/1    14:53   1:39   0:00 
Brad Boyes               0  0  0  -1  2   2  0  0  0  0  0/1    13:34   1:39   0:00 
Brent Seabrook           0  0  0   1  0   3  0  0  0  0  0/0    22:56   1:22   2:11 
Chris Kreider            1  1  2   2  0   5  1  1  0  0  0/1    18:49   2:19   0:50 
Craig Cunningham         1  0  1   1  0   1  1  0  1  0  0/0     9:36   0:00   0:00 
Derick Brassard          1  1  2   2  0   5  1  0  0  0  15/28  19:42   2:19   1:25 
Dougie Hamilton          0  0  0   0  0   1  1  0  0  1  0/0    17:40   0:00   0:53 
Gabriel Bourque          0  0  0   1  0   1  2  0  0  0  0/2     9:54   0:00   0:11 
Garnet Hathaway          0  1  1   1  0   3  1  0  0  0  1/1    13:14   0:00   2:19 
John Carlson             0  1  1   2  0   0  3  1  0  0  0/0    26:14   2:36   1:22 
Matthew Spiller          0  0  0   1  0   1  2  1  0  0  0/0    14:44   0:00   2:05 
Nathan Horton            0  1  1   1  2   2  0  0  0  0  0/1    13:31   0:00   0:00 
Nick Leddy               0  0  0   1  0   3  1  0  0  1  0/0    21:48   1:22   0:00 
Patrick Marleau          0  1  1  -1  0   0  1  2  0  0  0/0    13:26   0:00   0:25 
Rick Nash                0  1  1   2  0   1  2  0  0  0  0/2    19:19   2:19   1:11 
Seth Jones               0  0  0   1  0   3  1  1  0  0  0/0    16:38   2:36   2:09 
Tim Connolly             0  0  0   1  0   0  1  0  0  0  8/13   17:16   1:39   2:19 

3 Stars

1 - Chris Kreider (Chi)
2 - Derick Brassard (Chi)
3 - Antoine Roussel (Chi)

Power Play

Kings - 1 on 3 Attempt(s) - 33.33%
Blackhawks - 0 on 2 Attempt(s) - 0.00%

Penalty Kill

Kings - 2 on 2 Attempt(s) - 100.00% - Score 0 goal in Penalty Kill
Blackhawks - 2 on 3 Attempt(s) - 66.67% - Score 0 goal in Penalty Kill

Team Stat

Kings - Hits : 17 - Faceoff Wins : 29 - Blocked Shots : 10 - Penalty Minutes : 4
Blackhawks - Hits : 21 - Faceoff Wins : 27 - Blocked Shots : 7 - Penalty Minutes : 6

Official

Referees : Unknown
Linesman : Unknown

Game Notes

No Game Note

Finance

Level 1 -- Attendance: 6000 (100.00%) -- Ticket Income $582,000
Level 2 -- Attendance: 5000 (100.00%) -- Ticket Income $325,000
Level 3 -- Attendance: 1952 (97.60%) -- Ticket Income $78,080
Level 4 -- Attendance: 4000 (100.00%) -- Ticket Income $100,000
Luxury Box -- Attendance: 878 (87.80%) -- Ticket Income $158,040
Game was played at the Rexall Place.
Total Attendance: 17830 (99.06%)
Total Ticket Income: $1,243,120
Other Income: $186,468
Total Income: $1,429,588

Kings

5 vs 5 Forward 
   Center                   Left Wing                Right Wing               Time % Phy DF OF 
 1 Anze Kopitar             Matt Martin              Brandon Yip              35     1   2  2  
 2 Gilbert Brule            Teuvo Teravainen         Reilly Smith             30     1   2  2  
 3 Nathan MacKinnon         Gabriel Landeskog        Tom Wilson               30     1   2  2  
 4 Mike Comrie              Eric Nystrom             Cal Clutterbuck          5      1   2  2  

5 vs 5 Defense 
   Defense                  Defense                                           Time % Phy DF OF 
 1 Jeff Schultz             Victor Hedman                                     40     0   3  2  
 2 Jake McCabe              Eric Gelinas                                      40     0   3  2  
 3 Vitaly Vishnevsky        Matt Greene                                       20     0   3  2  
 4 Vitaly Vishnevsky        Jake McCabe                                       0      0   4  1  

PowerPlay Forward 
   Center                   Left Wing                Right Wing               Time % Phy DF OF 
 1 Nathan MacKinnon         Gabriel Landeskog        Tom Wilson               60     1   2  2  
 2 Anze Kopitar             Teuvo Teravainen         Matt Martin              40     1   2  2  

PowerPlay Defense
   Defense                  Defense                                           Time % Phy DF OF 
 1 Victor Hedman            Eric Gelinas                                      60     1   2  2  
 2 Jake McCabe              Gilbert Brule                                     40     1   2  2  

Penalty Kill 4 Players Forward 
   Center                   Wing                     Time % Phy DF OF 
 1 Mike Comrie              Cal Clutterbuck          60     1   2  2  
 2 Eric Nystrom             Matt Martin              40     1   2  2  

Penalty Kill 4 Players Defense
   Defense                  Defense                  Time % Phy DF OF 
 1 Matt Greene              Jeff Schultz             60     1   2  2  
 2 Eric Gelinas             Jake McCabe              40     1   2  2  

Penalty Kill - 3 Players Forward 
   Forward                                           Time % Phy DF OF 
 1 Anze Kopitar                                      60     1   2  2  
 2 Gabriel Landeskog                                 40     1   2  2  

Penalty Kill - 3 Players Defense
   Defense                  Defense                  Time % Phy DF OF 
 1 Jeff Schultz             Matt Greene              60     1   2  2  
 2 Eric Gelinas             Jake McCabe              40     1   2  2  

4 vs 4 Forward 
   Center                   Wing                     Time % Phy DF OF 
 1 Anze Kopitar             Gabriel Landeskog        60     1   2  2  
 2 Nathan MacKinnon         Matt Martin              40     1   2  2  

4 vs 4 Defense
   Defense                  Defense                  Time % Phy DF OF 
 1 Victor Hedman            Eric Gelinas             60     1   2  2  
 2 Jeff Schultz             Jake McCabe              40     1   2  2  

Last Minutes Offensive
   Center                   Left Wing                Right Wing               Defense                  Defense                  
   Anze Kopitar             Gabriel Landeskog        Tom Wilson               Victor Hedman            Eric Gelinas             

Last Minutes Defensive
   Center                   Left Wing                Right Wing               Defense                  Defense                  
   Anze Kopitar             Gabriel Landeskog        Cal Clutterbuck          Eric Gelinas             Jeff Schultz             

Goaltenders
Starting : Robin Lehner             
Backup : Antti Niemi              

Extra Forwards
Normal : Anze Kopitar, Gilbert Brule, Nathan MacKinnon - PP : Matt Martin, Gilbert Brule - PK : Gabriel Landeskog
Extra Defensemen
Normal : Jeff Schultz, Eric Gelinas, Vitaly Vishnevsky - PP : Jake McCabe - PK : Victor Hedman, Vitaly Vishnevsky
Penalty Shots
Anze Kopitar, Gilbert Brule, Teuvo Teravainen, Matt Martin, Brandon Yip

Scratches
Peter Regin (Healthy), Darnell Nurse (Left Hip Injury)

Blackhawks

5 vs 5 Forward 
   Center                   Left Wing                Right Wing               Time % Phy DF OF 
 1 Derick Brassard          Chris Kreider            Rick Nash                40     1   2  2  
 2 Tim Connolly             Antoine Roussel          Nathan Horton            30     1   2  2  
 3 Alexander Wennberg       Patrick Marleau          Brad Boyes               20     1   2  2  
 4 Gabriel Bourque          Craig Cunningham         Garnet Hathaway          10     1   2  2  

5 vs 5 Defense 
   Defense                  Defense                                           Time % Phy DF OF 
 1 John Carlson             Nick Leddy                                        40     1   2  2  
 2 Brent Seabrook           Dougie Hamilton                                   30     1   2  2  
 3 Matthew Spiller          Seth Jones                                        20     1   2  2  
 4 John Carlson             Brent Seabrook                                    10     1   2  2  

PowerPlay Forward 
   Center                   Left Wing                Right Wing               Time % Phy DF OF 
 1 Derick Brassard          Chris Kreider            Rick Nash                60     1   2  2  
 2 Tim Connolly             Antoine Roussel          Brad Boyes               40     1   2  2  

PowerPlay Defense
   Defense                  Defense                                           Time % Phy DF OF 
 1 John Carlson             Seth Jones                                        60     1   2  2  
 2 Brent Seabrook           Nick Leddy                                        40     1   2  2  

Penalty Kill 4 Players Forward 
   Center                   Wing                     Time % Phy DF OF 
 1 Tim Connolly             Garnet Hathaway          60     1   2  2  
 2 Derick Brassard          Rick Nash                40     1   2  2  

Penalty Kill 4 Players Defense
   Defense                  Defense                  Time % Phy DF OF 
 1 John Carlson             Seth Jones               60     1   2  2  
 2 Brent Seabrook           Matthew Spiller          40     1   2  2  

Penalty Kill - 3 Players Forward 
   Forward                                           Time % Phy DF OF 
 1 Derick Brassard                                   60     1   2  2  
 2 Tim Connolly                                      40     1   2  2  

Penalty Kill - 3 Players Defense
   Defense                  Defense                  Time % Phy DF OF 
 1 John Carlson             Seth Jones               60     1   2  2  
 2 Brent Seabrook           Matthew Spiller          40     1   2  2  

4 vs 4 Forward 
   Center                   Wing                     Time % Phy DF OF 
 1 Derick Brassard          Chris Kreider            60     1   2  2  
 2 Tim Connolly             Rick Nash                40     1   2  2  

4 vs 4 Defense
   Defense                  Defense                  Time % Phy DF OF 
 1 John Carlson             Nick Leddy               60     1   2  2  
 2 Brent Seabrook           Dougie Hamilton          40     1   2  2  

Last Minutes Offensive
   Center                   Left Wing                Right Wing               Defense                  Defense                  
   Derick Brassard          Chris Kreider            Rick Nash                John Carlson             Nick Leddy               

Last Minutes Defensive
   Center                   Left Wing                Right Wing               Defense                  Defense                  
   Derick Brassard          Chris Kreider            Rick Nash                John Carlson             Brent Seabrook           

Goaltenders
Starting : Jimmy Howard             
Backup : Pekka Rinne              

Extra Forwards
Normal : Tim Connolly, Garnet Hathaway, Patrick Marleau - PP : Craig Cunningham, Brad Boyes - PK : Patrick Marleau
Extra Defensemen
Normal : Matthew Spiller, Seth Jones, Dougie Hamilton - PP : Matthew Spiller - PK : Seth Jones, Dougie Hamilton
Penalty Shots
Antoine Roussel, Chris Kreider, Derick Brassard, Rick Nash, Patrick Marleau

Scratches
Cody Hodgson (Strained Back Injury)

% Time on Ice - Kings

Lines # - Real PCT - Wanted PCT - Time Play
Normal Forward
1 - 33% - 35% - 16:55
2 - 29% - 30% - 15:00
3 - 26% - 30% - 13:18
4 - 13% - 5% - 6:29
Normal Defense
1 - 40% - 40% - 20:48
2 - 37% - 40% - 19:19
3 - 20% - 20% - 10:33
4 - 2% - 0% - 1:02
PP Forward
1 - 63% - 60% - 2:45
2 - 37% - 40% - 1:35
PP Defense
1 - 64% - 60% - 2:46
2 - 36% - 40% - 1:34
PK Forward
1 - 84% - 60% - 3:19
2 - 16% - 40% - 0:39
PK Defense
1 - 61% - 60% - 2:24
2 - 39% - 40% - 1:34
PK3 Forward
1 - 0% - 60%
2 - 0% - 40%
PK3 Defense
1 - 0% - 60%
2 - 0% - 40%
44 Forward
1 - 0% - 60%
2 - 0% - 40%
44 Defense
1 - 0% - 60%
2 - 0% - 40%
Last Minute Offensive  - 0:00
Last Minute Defensive  - 0:00
Total
Forward - 60:00
Defense - 60:00

% Time on Ice - Blackhawks

Lines # - Real PCT - Wanted PCT - Time Play
Normal Forward
1 - 31% - 40% - 15:58
2 - 27% - 30% - 13:51
3 - 24% - 20% - 12:17
4 - 19% - 10% - 9:36
Normal Defense
1 - 41% - 40% - 21:05
2 - 33% - 30% - 16:59
3 - 21% - 20% - 10:54
4 - 5% - 10% - 2:44
PP Forward
1 - 58% - 60% - 2:19
2 - 42% - 40% - 1:39
PP Defense
1 - 66% - 60% - 2:36
2 - 34% - 40% - 1:22
PK Forward
1 - 73% - 60% - 3:09
2 - 27% - 40% - 1:11
PK Defense
1 - 52% - 60% - 2:15
2 - 48% - 40% - 2:05
PK3 Forward
1 - 0% - 60%
2 - 0% - 40%
PK3 Defense
1 - 0% - 60%
2 - 0% - 40%
44 Forward
1 - 0% - 60%
2 - 0% - 40%
44 Defense
1 - 0% - 60%
2 - 0% - 40%
Last Minute Offensive  - 0:00
Last Minute Defensive  - 0:00
Total
Forward - 60:00
Defense - 60:00

Play-by-Play

1st period


0:01 of 1st period - Derick Brassard wins face-off versus Anze Kopitar in neutral zone.
0:13 of 1st period - Wrist shot by Derick Brassard.
0:13 of 1st period - Stopped by Robin Lehner without a rebound.
0:14 of 1st period - Antoine Roussel wins face-off versus Gilbert Brule in Kings zone.
1:26 of 1st period - Snap shot by Gabriel Bourque.
1:26 of 1st period - Stopped by Robin Lehner with a rebound.
1:40 of 1st period - Jeff Schultz is hit by Antoine Roussel and loses puck.
2:27 of 1st period - Nick Leddy is hit by Eric Gelinas and loses puck.
2:49 of 1st period - Snap shot by Derick Brassard.
2:49 of 1st period - Stopped by Robin Lehner without a rebound.
2:50 of 1st period - Tim Connolly wins face-off versus Nathan MacKinnon in Kings zone.
3:47 of 1st period - Wrist shot by Chris Kreider.
3:47 of 1st period - Shot Misses the Net.
3:49 of 1st period - Backhand shot by Derick Brassard.
3:49 of 1st period - Shot Misses the Net.
3:51 of 1st period - Snap shot by Derick Brassard.
3:51 of 1st period - Stopped by Robin Lehner without a rebound.
3:52 of 1st period - Nathan MacKinnon wins face-off versus Rick Nash in Kings zone.
3:52 of 1st period - Nathan MacKinnon is hit by John Carlson.
4:22 of 1st period - Snap shot by Alexander Wennberg.
4:22 of 1st period - Stopped by Robin Lehner with a rebound.
4:24 of 1st period - Wrist shot by Brad Boyes.
4:24 of 1st period - Stopped by Robin Lehner without a rebound.
4:25 of 1st period - Tim Connolly wins face-off versus Anze Kopitar in Kings zone.
4:28 of 1st period - Wrist shot by Antoine Roussel.
4:28 of 1st period - Stopped by Robin Lehner with a rebound.
5:17 of 1st period - Snap shot by Teuvo Teravainen.
5:17 of 1st period - Shot Misses the Net.
5:19 of 1st period - Snap shot by Gilbert Brule.
5:19 of 1st period - Stopped by Jimmy Howard with a rebound.
5:25 of 1st period - Wrist shot by Gilbert Brule.
5:25 of 1st period - Stopped by Jimmy Howard with a rebound.
5:43 of 1st period - Snap shot by Garnet Hathaway.
5:43 of 1st period - Shot Misses the Net.
5:56 of 1st period - Icing by Matthew Spiller.
5:57 of 1st period - Mike Comrie wins face-off versus Gabriel Bourque in Blackhawks zone.
6:23 of 1st period - Snap shot by Garnet Hathaway.
6:23 of 1st period - Shot Blocked by Victor Hedman.
7:11 of 1st period - Slapshot by Seth Jones.
7:11 of 1st period - Stopped by Robin Lehner with a rebound.
7:13 of 1st period - Slapshot by Seth Jones.
7:13 of 1st period - Stopped by Robin Lehner with a rebound.
7:15 of 1st period - Slapshot by Seth Jones.
7:15 of 1st period - Deflect By Garnet Hathaway.
7:15 of 1st period - Stopped by Robin Lehner without a rebound.
7:16 of 1st period - Gilbert Brule wins face-off versus Derick Brassard in Kings zone.
7:16 of 1st period - Gilbert Brule is hit by Rick Nash.
7:22 of 1st period - Wrist shot by Gilbert Brule.
7:22 of 1st period - Stopped by Jimmy Howard without a rebound.
7:23 of 1st period - Gilbert Brule wins face-off versus Derick Brassard in Blackhawks zone.
7:47 of 1st period - Off-side.
7:48 of 1st period - Brandon Yip wins face-off versus Tim Connolly in neutral zone.
8:23 of 1st period - Slapshot by Tom Wilson.
8:23 of 1st period - Stopped by Jimmy Howard with a rebound.
8:35 of 1st period - Wrist shot by Gilbert Brule.
8:35 of 1st period - Stopped by Jimmy Howard with a rebound.
8:43 of 1st period - Snap shot by Rick Nash.
8:43 of 1st period - Shot Blocked by Eric Gelinas.
8:45 of 1st period - Snap shot by Derick Brassard.
8:45 of 1st period - Deflect By Rick Nash.
8:45 of 1st period - Stopped by Robin Lehner without a rebound.
8:46 of 1st period - Anze Kopitar wins face-off versus Nathan Horton in Kings zone.
9:15 of 1st period - Icing by Jeff Schultz.
9:16 of 1st period - Nathan MacKinnon wins face-off versus Brad Boyes in Kings zone.
9:25 of 1st period - Backhand shot by John Carlson.
9:25 of 1st period - Shot Misses the Net.
9:27 of 1st period - Slapshot by Nick Leddy.
9:27 of 1st period - Deflect By Alexander Wennberg.
9:27 of 1st period - Shot Misses the Net.
9:27 of 1st period - Puck is out of play.
9:28 of 1st period - Anze Kopitar wins face-off versus Derick Brassard in Kings zone.
9:45 of 1st period - Brandon Yip is hit by Rick Nash and loses puck.
9:55 of 1st period - Off-side.
9:56 of 1st period - Tim Connolly wins face-off versus Nathan MacKinnon in neutral zone.
10:43 of 1st period - Tom Wilson is hit by Antoine Roussel and loses puck.
11:00 of 1st period - Wrist shot by Antoine Roussel.
11:00 of 1st period - Deflect By Gabriel Landeskog.
11:00 of 1st period - Stopped by Robin Lehner with a rebound.
11:27 of 1st period - Snap shot by Tom Wilson.
11:27 of 1st period - Deflect By Nathan MacKinnon.
11:27 of 1st period - Stopped by Jimmy Howard with a rebound.
11:29 of 1st period - Slapshot by Jeff Schultz.
11:29 of 1st period - Shot Misses the Net.
11:31 of 1st period - Wrist shot by Gabriel Landeskog.
11:31 of 1st period - Shot Misses the Net.
11:33 of 1st period - Slapshot by Jeff Schultz.
11:33 of 1st period - Stopped by Jimmy Howard with a rebound.
11:41 of 1st period - Slapshot by Nathan MacKinnon.
11:41 of 1st period - Shot Blocked by Matthew Spiller.
11:43 of 1st period - Slapshot by Gabriel Landeskog.
11:43 of 1st period - Shot Misses the Net.
11:45 of 1st period - Backhand shot by Gabriel Landeskog.
11:45 of 1st period - Deflect By Nathan MacKinnon.
11:45 of 1st period - Shot Blocked by Seth Jones.
11:45 of 1st period - Puck is out of play.
11:46 of 1st period - Derick Brassard wins face-off versus Gilbert Brule in Blackhawks zone.
12:21 of 1st period - Backhand shot by Garnet Hathaway.
12:21 of 1st period - Shot Misses the Net.
12:33 of 1st period - Slapshot by Victor Hedman.
12:33 of 1st period - Shot Blocked by Patrick Marleau.
13:03 of 1st period - Snap shot by Reilly Smith.
13:03 of 1st period - Shot Misses the Net.
13:05 of 1st period - Snap shot by Gilbert Brule.
13:05 of 1st period - Stopped by Jimmy Howard without a rebound.
13:06 of 1st period - Anze Kopitar wins face-off versus Alexander Wennberg in Blackhawks zone.
13:09 of 1st period - Snap shot by Anze Kopitar.
13:09 of 1st period - Shot Misses the Net.
13:29 of 1st period - Alexander Wennberg is hit by Brandon Yip and loses puck.
13:48 of 1st period - Eric Gelinas is hit by Nick Leddy and loses puck.
14:01 of 1st period - Slapshot by Brad Boyes.
14:01 of 1st period - Shot Blocked by Jake McCabe.
14:15 of 1st period - Snap shot by Brad Boyes.
14:15 of 1st period - Stopped by Robin Lehner with a rebound.
14:49 of 1st period - Snap shot by Matt Martin.
14:49 of 1st period - Shot Misses the Net.
14:51 of 1st period - Minor Penalty to Brad Boyes for Hooking.
14:52 of 1st period - Nathan MacKinnon wins face-off versus Tim Connolly in Blackhawks zone.
15:39 of 1st period - Rick Nash is hit by Gilbert Brule and loses puck.
15:44 of 1st period - Slapshot by Victor Hedman.
15:44 of 1st period - Shot Misses the Net.
16:04 of 1st period - Tim Connolly is hit by Mike Comrie and loses puck.
16:51 of 1st period - Penalty to Brad Boyes is over, Brad Boyes is back on ice.
18:22 of 1st period - Cal Clutterbuck is hit by Antoine Roussel.
18:26 of 1st period - Tim Connolly is hit by Gilbert Brule and loses puck.
18:43 of 1st period - Seth Jones is hit by Gabriel Landeskog and loses puck.
18:52 of 1st period - Snap shot by Nathan Horton.
18:52 of 1st period - Stopped by Robin Lehner without a rebound.
18:53 of 1st period - Anze Kopitar wins face-off versus Derick Brassard in Kings zone.
18:58 of 1st period - Derick Brassard is hit by Teuvo Teravainen and loses puck.
19:15 of 1st period - Snap shot by Brent Seabrook.
19:15 of 1st period - Shot Misses the Net.
19:17 of 1st period - Snap shot by Patrick Marleau.
19:17 of 1st period - Shot Blocked by Cal Clutterbuck.
Goals for this period are 0 for Kings vs 0 for Blackhawks.
Shots for this period are 8 for Kings vs 14 for Blackhawks.

2nd period


0:01 of 2nd period - Derick Brassard wins face-off versus Matt Martin in neutral zone.
0:04 of 2nd period - Backhand shot by John Carlson.
0:04 of 2nd period - Deflect By Chris Kreider.
0:04 of 2nd period - Shot Blocked by Jake McCabe.
0:04 of 2nd period - Puck is out of play.
0:05 of 2nd period - Anze Kopitar wins face-off versus Chris Kreider in Kings zone.
0:11 of 2nd period - Off-side.
0:12 of 2nd period - Derick Brassard wins face-off versus Anze Kopitar in neutral zone.
0:23 of 2nd period - Anze Kopitar is hit by John Carlson and loses puck.
0:50 of 2nd period - Wrist shot by Matt Martin.
0:50 of 2nd period - Stopped by Jimmy Howard with a rebound.
0:52 of 2nd period - Wrist shot by Brandon Yip.
0:52 of 2nd period - Shot Blocked by Patrick Marleau.
0:54 of 2nd period - Snap shot by Jake McCabe.
0:54 of 2nd period - Stopped by Jimmy Howard without a rebound.
0:55 of 2nd period - Gilbert Brule wins face-off versus Derick Brassard in Blackhawks zone.
1:24 of 2nd period - Backhand shot by Nathan Horton.
1:24 of 2nd period - Shot Misses the Net.
1:26 of 2nd period - Snap shot by Antoine Roussel.
1:26 of 2nd period - Goal by Antoine Roussel - Kings : 0 - Blackhawks : 1.
1:27 of 2nd period - Gilbert Brule wins face-off versus Derick Brassard in neutral zone.
1:36 of 2nd period - Snap shot by Rick Nash.
1:36 of 2nd period - Shot Misses the Net.
1:38 of 2nd period - Slapshot by John Carlson.
1:38 of 2nd period - Deflect By Derick Brassard.
1:38 of 2nd period - Goal by Derick Brassard - Kings : 0 - Blackhawks : 2.
1:39 of 2nd period - Gilbert Brule wins face-off versus Derick Brassard in neutral zone.
3:13 of 2nd period - Minor Penalty to Nathan Horton for Roughing.
3:14 of 2nd period - Tim Connolly wins face-off versus Nathan MacKinnon in Blackhawks zone.
3:49 of 2nd period - Derick Brassard is hit by Teuvo Teravainen and loses puck.
4:12 of 2nd period - Gilbert Brule is hit by John Carlson and loses puck.
5:09 of 2nd period - Tom Wilson is hit by Derick Brassard and loses puck.
5:13 of 2nd period - Penalty to Nathan Horton is over, Nathan Horton is back on ice.
5:28 of 2nd period - Slapshot by Derick Brassard.
5:28 of 2nd period - Stopped by Robin Lehner without a rebound.
5:29 of 2nd period - Alexander Wennberg wins face-off versus Cal Clutterbuck in Kings zone.
5:36 of 2nd period - Snap shot by Alexander Wennberg.
5:36 of 2nd period - Shot Misses the Net.
5:38 of 2nd period - Wrist shot by Alexander Wennberg.
5:38 of 2nd period - Shot Blocked by Eric Nystrom.
5:40 of 2nd period - Slapshot by Dougie Hamilton.
5:40 of 2nd period - Stopped by Robin Lehner with a rebound.
5:42 of 2nd period - Slapshot by Nick Leddy.
5:42 of 2nd period - Stopped by Robin Lehner with a rebound.
5:44 of 2nd period - Slapshot by Nick Leddy.
5:44 of 2nd period - Stopped by Robin Lehner without a rebound.
5:45 of 2nd period - Anze Kopitar wins face-off versus Derick Brassard in Kings zone.
5:45 of 2nd period - Anze Kopitar is hit by Chris Kreider.
7:02 of 2nd period - Snap shot by Matt Martin.
7:02 of 2nd period - Shot Hit the Post.
7:04 of 2nd period - Slapshot by Jake McCabe.
7:04 of 2nd period - Stopped by Jimmy Howard with a rebound.
7:14 of 2nd period - Snap shot by Nick Leddy.
7:14 of 2nd period - Shot Blocked by Mike Comrie.
7:22 of 2nd period - Wrist shot by Chris Kreider.
7:22 of 2nd period - Stopped by Robin Lehner with a rebound.
7:42 of 2nd period - Slapshot by Gilbert Brule.
7:42 of 2nd period - Shot Misses the Net.
7:44 of 2nd period - Slapshot by Eric Gelinas.
7:44 of 2nd period - Shot Misses the Net.
7:48 of 2nd period - Wrist shot by Gilbert Brule.
7:48 of 2nd period - Stopped by Jimmy Howard with a rebound.
8:40 of 2nd period - Snap shot by Mike Comrie.
8:40 of 2nd period - Deflect By Brent Seabrook.
8:40 of 2nd period - Shot Misses the Net.
8:40 of 2nd period - Puck is out of play.
8:41 of 2nd period - Mike Comrie wins face-off versus Tim Connolly in Blackhawks zone.
9:03 of 2nd period - Wrist shot by Eric Nystrom.
9:03 of 2nd period - Shot Misses the Net.
9:29 of 2nd period - Slapshot by Brandon Yip.
9:29 of 2nd period - Stopped by Jimmy Howard without a rebound.
9:30 of 2nd period - Tim Connolly wins face-off versus Anze Kopitar in Blackhawks zone.
10:01 of 2nd period - Snap shot by Gabriel Landeskog.
10:01 of 2nd period - Shot Misses the Net.
10:41 of 2nd period - Snap shot by Garnet Hathaway.
10:41 of 2nd period - Shot Misses the Net.
10:43 of 2nd period - Wrist shot by Craig Cunningham.
10:43 of 2nd period - Goal by Craig Cunningham - Kings : 0 - Blackhawks : 3.
10:44 of 2nd period - Derick Brassard wins face-off versus Nathan MacKinnon in neutral zone.
10:59 of 2nd period - Snap shot by Nathan MacKinnon.
10:59 of 2nd period - Stopped by Jimmy Howard with a rebound.
11:32 of 2nd period - Backhand shot by Garnet Hathaway.
11:32 of 2nd period - Stopped by Robin Lehner with a rebound.
11:34 of 2nd period - Wrist shot by Matthew Spiller.
11:34 of 2nd period - Stopped by Robin Lehner with a rebound.
11:36 of 2nd period - Slapshot by Garnet Hathaway.
11:36 of 2nd period - Deflect By Craig Cunningham.
11:36 of 2nd period - Shot Blocked by Matt Greene.
11:36 of 2nd period - Puck is out of play.
11:37 of 2nd period - Gilbert Brule wins face-off versus Gabriel Bourque in Kings zone.
11:44 of 2nd period - Gabriel Bourque is hit by Reilly Smith and loses puck.
11:55 of 2nd period - Teuvo Teravainen is hit by Garnet Hathaway and loses puck.
12:06 of 2nd period - Wrist shot by Garnet Hathaway.
12:06 of 2nd period - Stopped by Robin Lehner with a rebound.
13:03 of 2nd period - Slapshot by Teuvo Teravainen.
13:03 of 2nd period - Stopped by Jimmy Howard without a rebound.
13:04 of 2nd period - Nathan MacKinnon wins face-off versus Derick Brassard in Blackhawks zone.
13:21 of 2nd period - Wrist shot by Chris Kreider.
13:21 of 2nd period - Stopped by Robin Lehner with a rebound.
13:31 of 2nd period - Jake McCabe is hit by Patrick Marleau and loses puck.
13:59 of 2nd period - Off-side.
14:00 of 2nd period - Anze Kopitar wins face-off versus Tim Connolly in neutral zone.
14:46 of 2nd period - Wrist shot by Anze Kopitar.
14:46 of 2nd period - Stopped by Jimmy Howard without a rebound.
14:47 of 2nd period - Tom Wilson wins face-off versus Derick Brassard in Blackhawks zone.
14:52 of 2nd period - Wrist shot by Nathan MacKinnon.
14:52 of 2nd period - Shot Misses the Net.
14:56 of 2nd period - Wrist shot by Nathan MacKinnon.
14:56 of 2nd period - Shot Misses the Net.
14:58 of 2nd period - Wrist shot by Gabriel Landeskog.
14:58 of 2nd period - Shot Misses the Net.
15:00 of 2nd period - Wrist shot by Nathan MacKinnon.
15:00 of 2nd period - Shot Misses the Net.
15:18 of 2nd period - Off-side.
15:19 of 2nd period - Gilbert Brule wins face-off versus Alexander Wennberg in neutral zone.
15:52 of 2nd period - Snap shot by Brandon Yip.
15:52 of 2nd period - Deflect By Anze Kopitar.
15:52 of 2nd period - Shot Misses the Net.
15:52 of 2nd period - Puck is out of play.
15:53 of 2nd period - Derick Brassard wins face-off versus Nathan MacKinnon in Blackhawks zone.
15:53 of 2nd period - Derick Brassard is hit by Jeff Schultz.
16:03 of 2nd period - Slapshot by Brent Seabrook.
16:03 of 2nd period - Deflect By Tom Wilson.
16:03 of 2nd period - Stopped by Robin Lehner without a rebound.
16:04 of 2nd period - Derick Brassard wins face-off versus Anze Kopitar in Kings zone.
16:52 of 2nd period - Slapshot by Gilbert Brule.
16:52 of 2nd period - Shot Misses the Net.
16:54 of 2nd period - Snap shot by Jake McCabe.
16:54 of 2nd period - Stopped by Jimmy Howard without a rebound.
16:54 of 2nd period - Minor Penalty to Jimmy Howard for Slashing.
16:55 of 2nd period - Tim Connolly wins face-off versus Nathan MacKinnon in Blackhawks zone.
17:04 of 2nd period - Snap shot by Gabriel Landeskog.
17:04 of 2nd period - Stopped by Jimmy Howard without a rebound.
17:05 of 2nd period - Garnet Hathaway wins face-off versus Nathan MacKinnon in Blackhawks zone.
17:14 of 2nd period - Wrist shot by Gabriel Landeskog.
17:14 of 2nd period - Shot Blocked by John Carlson.
17:16 of 2nd period - Wrist shot by Tom Wilson.
17:16 of 2nd period - Goal by Tom Wilson - Kings : 1 - Blackhawks : 3.
17:17 of 2nd period - Derick Brassard wins face-off versus Matt Martin in neutral zone.
18:02 of 2nd period - Off-side.
18:03 of 2nd period - Gilbert Brule wins face-off versus Alexander Wennberg in neutral zone.
18:08 of 2nd period - Wrist shot by Gilbert Brule.
18:08 of 2nd period - Stopped by Jimmy Howard with a rebound.
18:14 of 2nd period - Gilbert Brule is hit by Dougie Hamilton and loses puck.
18:58 of 2nd period - Wrist shot by Gilbert Brule.
18:58 of 2nd period - Goal by Gilbert Brule - Kings : 2 - Blackhawks : 3.
18:59 of 2nd period - Derick Brassard wins face-off versus Anze Kopitar in neutral zone.
19:04 of 2nd period - Slapshot by Derick Brassard.
19:04 of 2nd period - Shot Blocked by Anze Kopitar.
19:06 of 2nd period - Slapshot by John Carlson.
19:06 of 2nd period - Shot Blocked by Matt Martin.
19:08 of 2nd period - Slapshot by Derick Brassard.
19:08 of 2nd period - Shot Misses the Net.
19:10 of 2nd period - Snap shot by Chris Kreider.
19:10 of 2nd period - Deflect By Anze Kopitar.
19:10 of 2nd period - Stopped by Robin Lehner with a rebound.
19:12 of 2nd period - Slapshot by Nick Leddy.
19:12 of 2nd period - Deflect By Anze Kopitar.
19:12 of 2nd period - Stopped by Robin Lehner without a rebound.
19:13 of 2nd period - Derick Brassard wins face-off versus Nathan MacKinnon in Kings zone.
19:18 of 2nd period - Snap shot by Chris Kreider.
19:18 of 2nd period - Goal by Chris Kreider - Kings : 2 - Blackhawks : 4.
19:19 of 2nd period - Anze Kopitar wins face-off versus Rick Nash in neutral zone.
19:34 of 2nd period - Snap shot by Chris Kreider.
19:34 of 2nd period - Stopped by Robin Lehner without a rebound.
19:35 of 2nd period - Tim Connolly wins face-off versus Nathan MacKinnon in Kings zone.
Goals for this period are 2 for Kings vs 4 for Blackhawks.
Shots for this period are 13 for Kings vs 17 for Blackhawks.

3rd period


0:01 of 3rd period - Anze Kopitar wins face-off versus Derick Brassard in neutral zone.
0:04 of 3rd period - Brent Seabrook is hit by Jake McCabe and loses puck.
0:46 of 3rd period - Backhand shot by Anze Kopitar.
0:46 of 3rd period - Shot Misses the Net.
0:48 of 3rd period - Slapshot by Matt Martin.
0:48 of 3rd period - Stopped by Jimmy Howard with a rebound.
0:50 of 3rd period - Snap shot by Matt Martin.
0:50 of 3rd period - Shot Blocked by Alexander Wennberg.
0:52 of 3rd period - Slapshot by Anze Kopitar.
0:52 of 3rd period - Stopped by Jimmy Howard without a rebound.
0:53 of 3rd period - Tim Connolly wins face-off versus Nathan MacKinnon in Blackhawks zone.
1:23 of 3rd period - Icing by Victor Hedman.
1:24 of 3rd period - Nathan MacKinnon wins face-off versus Alexander Wennberg in Kings zone.
2:00 of 3rd period - Slapshot by Victor Hedman.
2:00 of 3rd period - Shot Blocked by Chris Kreider.
2:23 of 3rd period - Slapshot by Brent Seabrook.
2:23 of 3rd period - Deflect By Anze Kopitar.
2:23 of 3rd period - Stopped by Robin Lehner with a rebound.
2:25 of 3rd period - Slapshot by Brent Seabrook.
2:25 of 3rd period - Stopped by Robin Lehner with a rebound.
3:17 of 3rd period - Off-side.
3:18 of 3rd period - Derick Brassard wins face-off versus Gabriel Landeskog in neutral zone.
3:26 of 3rd period - Minor Penalty to Gabriel Landeskog for High sticking.
3:27 of 3rd period - Mike Comrie wins face-off versus Derick Brassard in Kings zone.
5:26 of 3rd period - Penalty to Gabriel Landeskog is over, Gabriel Landeskog is back on ice.
5:32 of 3rd period - Gabriel Bourque is hit by Nathan MacKinnon and loses puck.
7:12 of 3rd period - Teuvo Teravainen is hit by Gabriel Bourque and loses puck.
7:41 of 3rd period - Eric Gelinas is hit by Matthew Spiller and loses puck.
7:52 of 3rd period - Gilbert Brule is hit by Gabriel Bourque and loses puck.
8:11 of 3rd period - Slapshot by Reilly Smith.
8:11 of 3rd period - Stopped by Jimmy Howard with a rebound.
8:13 of 3rd period - Slapshot by Eric Gelinas.
8:13 of 3rd period - Shot Misses the Net.
8:15 of 3rd period - Snap shot by Reilly Smith.
8:15 of 3rd period - Shot Misses the Net.
8:17 of 3rd period - Snap shot by Reilly Smith.
8:17 of 3rd period - Shot Misses the Net.
8:19 of 3rd period - Snap shot by Teuvo Teravainen.
8:19 of 3rd period - Stopped by Jimmy Howard without a rebound.
8:20 of 3rd period - Derick Brassard wins face-off versus Matt Martin in Blackhawks zone.
8:51 of 3rd period - Snap shot by Victor Hedman.
8:51 of 3rd period - Shot Misses the Net.
8:53 of 3rd period - Slapshot by Gabriel Landeskog.
8:53 of 3rd period - Stopped by Jimmy Howard with a rebound.
8:55 of 3rd period - Wrist shot by Nathan MacKinnon.
8:55 of 3rd period - Stopped by Jimmy Howard with a rebound.
8:57 of 3rd period - Wrist shot by Tom Wilson.
8:57 of 3rd period - Stopped by Jimmy Howard with a rebound.
8:59 of 3rd period - Slapshot by Jeff Schultz.
8:59 of 3rd period - Stopped by Jimmy Howard with a rebound.
9:47 of 3rd period - Seth Jones is hit by Matt Greene and loses puck.
9:56 of 3rd period - Brandon Yip is hit by Seth Jones and loses puck.
10:06 of 3rd period - Off-side.
10:07 of 3rd period - Derick Brassard wins face-off versus Nathan MacKinnon in neutral zone.
10:58 of 3rd period - Slapshot by Nathan Horton.
10:58 of 3rd period - Stopped by Robin Lehner without a rebound.
10:59 of 3rd period - Derick Brassard wins face-off versus Anze Kopitar in Kings zone.
11:09 of 3rd period - Minor Penalty to Anze Kopitar for Tripping.
11:10 of 3rd period - Mike Comrie wins face-off versus Derick Brassard in Kings zone.
11:15 of 3rd period - Icing by John Carlson.
11:16 of 3rd period - Derick Brassard wins face-off versus Mike Comrie in Blackhawks zone.
12:26 of 3rd period - Wrist shot by Chris Kreider.
12:26 of 3rd period - Shot Misses the Net.
12:28 of 3rd period - Snap shot by Seth Jones.
12:28 of 3rd period - Stopped by Robin Lehner without a rebound.
12:29 of 3rd period - Eric Nystrom wins face-off versus Tim Connolly in Kings zone.
12:29 of 3rd period - Eric Nystrom is hit by Tim Connolly.
13:09 of 3rd period - Penalty to Anze Kopitar is over, Anze Kopitar is back on ice.
13:26 of 3rd period - Gabriel Landeskog is hit by Craig Cunningham and loses puck.
13:39 of 3rd period - Brad Boyes is hit by Gilbert Brule.
14:49 of 3rd period - Gabriel Landeskog is hit by Matthew Spiller and loses puck.
16:07 of 3rd period - Rick Nash is hit by Reilly Smith and loses puck.
16:29 of 3rd period - Wrist shot by Alexander Wennberg.
16:29 of 3rd period - Deflect By Patrick Marleau.
16:29 of 3rd period - Shot Misses the Net.
16:29 of 3rd period - Puck is out of play.
16:30 of 3rd period - Alexander Wennberg wins face-off versus Nathan MacKinnon in Kings zone.
17:40 of 3rd period - Gabriel Bourque is hit by Mike Comrie and loses puck.
19:44 of 3rd period - Nick Leddy is hit by Reilly Smith and loses puck.
Goals for this period are 0 for Kings vs 0 for Blackhawks.
Shots for this period are 8 for Kings vs 4 for Blackhawks.